Map: Green Acres

Players

qba

  • Race: Zerg Zerg
  • Spawn Location: 7:00

Adam

  • Race: Protoss Protoss
  • Spawn Location: 6:00

Tasty

  • Race: Zerg Zerg
  • Spawn Location: 9:00

Blubbel - Winner!

  • Race: Terran Terran
  • League: Silver
  • Spawn Location: 3:00

zod - Winner!

  • Race: Protoss Protoss
  • League: Silver
  • Spawn Location: 12:00

MasteroP - Winner!

  • Race: Zerg Zerg
  • Spawn Location: 1:00

VOD

Have the link to the VOD?

Description

Time

  • Played on: Jan. 10, 2016, 10:16 a.m.
  • Length: 16:49
Show
View Real Time Build Order
Export as new Build Order

qba Zerg 

Build Orders: Pool First 

Get SALT Encoding   

  12  0:10  Drone x2  
  14  0:32  Spawning Pool  
  13  0:40  Drone  
  14  0:43  Overlord  
  14  1:04  Drone  
  14  1:05  Drone x2  
  17  1:20  Queen  
  17  1:25  Zergling x2  
  20  1:43  Extractor  
  19  1:51  Zergling x6  
  22  2:27  Overlord x2  
  22  3:28  Metabolic Boost  
  22  3:31  Zergling x6  
  22  3:32  Zergling x6  
  28  3:35  Zergling x2  
  29  4:26  Hatchery  
  18  5:07  Zergling x10  
  18  5:08  Zergling x2  
  23  5:22  Roach Warren  
  16  6:16  Hatchery  
  15  6:19  Extractor  
  15  6:23  Zergling x2  
  15  6:24  Drone x2  
  14  7:09  Roach  
  14  7:10  Roach x11  
  34  8:17  Roach x5  
  44  8:24  Overlord  
  44  8:25  Overlord  
  44  8:27  Overlord  
  44  8:41  Lair  
  46  9:45  Roach  
  46  9:46  Roach x9  
  46  9:47  Roach x2  
  46  9:51  Overlord x4  
  46  9:52  Overlord  
  68  10:17  Drone x4  
  72  11:17  Hydralisk Den  
  71  11:56  Hydralisk x3  
  71  11:57  Hydralisk x11  
  99  12:26  Roach  
  99  12:27  Roach x3  
  107  12:45  Spore Crawler  
  107  12:48  Overlord  
  107  12:49  Overlord x3  
  106  14:13  Hydralisk x3, Roach  
  106  14:14  Hydralisk x3, Roach x2  
  106  14:15  Hydralisk x3, Roach x3  
  106  14:16  Roach x2  
  140  15:04  Overlord  
  140  15:05  Overlord x5  
  140  15:14  Evolution Chamber  
  139  15:19  Evolution Chamber  
  139  15:20  Muscular Augments  
  12  16:09  Roach  
  12  16:10  Roach x4  
Show
View Real Time Build Order
Export as new Build Order

Adam Protoss 

Build Orders:  

Get SALT Encoding   

  12  0:03  Probe (Chrono Boost)  
  13  0:20  Pylon  
  13  0:22  Probe (Chrono Boost)  
  14  0:33  Probe (Chrono Boost)  
  15  0:40  Assimilator  
  15  0:43  Probe (Chrono Boost)  
  15  0:46  Assimilator  
  16  0:54  Probe (Chrono Boost)  
  17  1:04  Probe (Chrono Boost)  
  18  1:15  Probe (Chrono Boost)  
  19  1:25  Probe (Chrono Boost)  
  20  1:36  Probe (Chrono Boost)  
  20  1:39  Pylon  
  21  1:43  Gateway  
  21  1:46  Probe (Chrono Boost)  
  22  1:50  Forge  
  22  1:57  Probe (Chrono Boost)  
  23  2:36  Pylon  
  23  2:43  Zealot  
  25  2:46  Cybernetics Core  
  25  3:01  Photon Cannon  
  25  3:03  Photon Cannon  
  25  3:04  Photon Cannon  
  25  3:10  Zealot, Photon Cannon  
  27  3:35  Stargate  
  27  3:54  Nexus  
  27  4:00  Assimilator  
  27  4:05  Assimilator  
  27  4:10  Warp Gate  
  27  4:11  Protoss Shields Level 1  
  27  4:21  Stargate  
  27  5:07  Fleet Beacon  
  27  5:11  Probe (Chrono Boost)  
  28  5:16  Probe (Chrono Boost)  
  30  5:21  Probe (Chrono Boost)  
  30  5:26  Probe (Chrono Boost)  
  31  5:32  Probe (Chrono Boost)  
  32  5:36  Robotics Facility  
  32  5:37  Probe (Chrono Boost)  
  32  5:42  Probe (Chrono Boost)  
  34  5:53  Probe (Chrono Boost)  
  34  5:56  Tempest  
  39  6:00  Tempest  
  43  6:06  Probe (Chrono Boost)  
  44  6:17  Probe (Chrono Boost)  
  45  6:27  Probe (Chrono Boost)  
  46  6:35  Probe (Chrono Boost)  
  47  6:43  Tempest  
  47  6:45  Probe (Chrono Boost)  
  52  6:48  Pylon  
  52  6:49  Tempest  
  52  6:51  Pylon  
  54  7:06  Probe (Chrono Boost)  
  55  7:17  Probe (Chrono Boost)  
  47  7:27  Probe (Chrono Boost)  
  47  7:54  Protoss Air Weapons Level 1  
  47  8:14  Probe (Chrono Boost)  
  48  8:24  Probe (Chrono Boost)  
  49  8:35  Probe (Chrono Boost)  
  50  8:45  Probe (Chrono Boost)  
  51  8:49  Tempest  
  51  8:51  Tempest  
  59  8:56  Probe (Chrono Boost)  
  60  9:06  Pylon  
  60  9:48  Protoss Air Armor Level 1  
  60  10:05  Tempest (Chrono Boost)  
  56  10:07  Tempest (Chrono Boost)  
  60  10:45  Tempest (Chrono Boost)  
  60  10:46  Tempest (Chrono Boost)  
  66  11:22  Tempest (Chrono Boost)  
  64  11:27  Tempest (Chrono Boost)  
  63  11:42  Protoss Air Weapons Level 2  
  55  13:49  Pylon  
  55  13:55  Pylon  
  55  13:57  Protoss Air Armor Level 2, Carrier (Chrono Boost)  
  55  14:09  Carrier (Chrono Boost)  
  35  15:22  Carrier (Chrono Boost)  
  35  15:23  Carrier (Chrono Boost)  
Show
View Real Time Build Order
Export as new Build Order

Tasty Zerg 

Build Orders: Hatch First 

Get SALT Encoding   

  12  0:03  Drone  
  13  0:12  Overlord  
  13  0:17  Drone  
  14  0:31  Drone x2  
  16  0:36  Drone  
  17  0:47  Drone  
  18  0:58  Hatchery  
  17  1:11  Spawning Pool  
  17  1:13  Drone  
  17  1:17  Drone  
  18  1:21  Extractor  
  17  1:37  Drone  
  18  1:58  Queen  
  18  1:59  Zergling x4  
  22  2:04  Overlord  
  22  2:15  Drone, Baneling Nest  
  23  2:18  Queen  
  24  2:23  Drone x2  
  24  2:24  Drone  
  27  2:36  Drone x2  
  29  2:40  Queen  
  29  2:43  Metabolic Boost  
  31  2:50  Drone x2  
  33  3:05  Zergling x6  
  34  3:09  Overlord  
  35  3:15  Evolution Chamber  
  34  3:24  Overlord, Drone  
  35  3:31  Overlord  
  35  3:32  Drone x3  
  38  3:36  Zergling x2  
  39  3:47  Zergling x8  
  43  3:56  Drone  
  43  3:59  Zerg Melee Weapons Level 1  
  43  4:00  Queen  
  43  4:02  Spore Crawler  
  45  4:03  Extractor  
  45  4:09  Drone x3, Zergling x2  
  48  4:17  Drone x2  
  44  4:34  Zergling x4  
  44  4:35  Drone, Zergling x10  
  51  4:44  Overlord  
  51  4:45  Drone  
  52  4:56  Zergling x2  
  52  4:57  Zergling x4  
  52  4:58  Drone, Zergling x2  
  57  5:17  Zergling x2  
  57  5:18  Zergling x4  
  57  5:31  Overlord, Drone  
  57  5:32  Drone x5  
  61  5:41  Hatchery  
  60  5:46  Zergling x8  
  58  5:52  Zergling x2  
  55  6:02  Zerg Ground Armor Level 1  
  54  6:04  Zergling x2  
  54  6:05  Zergling x10  
  54  6:06  Roach Warren  
  54  6:09  Queen  
  54  6:10  Extractor, Queen  
  58  6:41  Zergling x2  
  58  6:42  Zergling x20  
  69  6:48  Lair  
  69  6:56  Zergling x2  
  69  6:57  Evolution Chamber, Zergling x2  
  70  7:03  Zergling x2  
  71  7:18  Drone  
  71  7:19  Drone x6  
  71  7:20  Queen  
  79  7:35  Zergling x2  
  79  7:36  Zergling x4  
  80  7:46  Drone x2  
  80  7:47  Overlord x2  
  78  8:09  Zergling x2  
  78  8:10  Zergling x16  
  83  8:19  Drone  
  82  8:20  Drone  
  82  8:23  Zerg Ground Armor Level 2  
  82  8:24  Zerg Missile Weapons Level 1, Glial Reconstitution  
  76  8:52  Roach x5  
  76  8:53  Roach x4  
  79  9:00  Pneumatized Carapace  
  77  9:05  Infestation Pit  
  76  9:10  Spore Crawler  
  76  9:13  Drone x6, Spore Crawler  
  76  9:15  Ravager x2  
  82  9:28  Overlord  
  82  9:29  Overlord  
  82  9:30  Zergling x2  
  82  9:31  Zergling x8  
  87  9:32  Drone x2  
  87  9:36  Extractor  
  88  9:52  Overseer  
  88  9:55  Spine Crawler  
  88  9:59  Drone x6  
  93  10:18  Spire, Roach  
  93  10:19  Roach x9  
Show
View Real Time Build Order
Export as new Build Order

Blubbel Terran - Winner!

Build Orders: 1/1/1 

Get SALT Encoding   

  12  0:02  SCV  
  13  0:14  SCV  
  14  0:26  Supply Depot, SCV  
  15  0:34  Refinery  
  15  0:48  SCV  
  15  0:49  Barracks  
  16  1:00  SCV  
  17  1:08  Engineering Bay  
  17  1:14  SCV  
  17  1:15  Refinery  
  18  1:26  SCV  
  19  1:38  Supply Depot  
  19  1:39  Factory  
  19  1:44  SCV  
  20  1:48  Marine  
  21  2:00  Terran Infantry Weapons Level 1  
  21  2:02  SCV  
  22  2:09  Marine  
  23  2:18  SCV  
  24  2:28  Starport  
  24  2:29  Marine  
  25  2:47  Widow Mine  
  27  2:56  Supply Depot  
  27  2:58  SCV  
  28  3:10  SCV  
  29  3:19  Widow Mine  
  29  3:24  Medivac  
  33  3:38  Marine  
  34  3:48  SCV, Starport  
  35  3:59  Command Center  
  35  4:00  SCV  
  33  4:38  Liberator  
  33  4:53  Widow Mine  
  33  4:54  Liberator  
  38  5:04  Missile Turret  
  38  5:05  Supply Depot  
  38  5:07  Supply Depot  
  38  5:10  Supply Depot  
  41  5:22  Widow Mine  
  41  5:27  Barracks Reactor  
  43  5:44  Barracks  
  43  5:46  Barracks  
  42  6:32  Marine x2  
  41  6:37  Barracks  
  41  6:38  Barracks Tech Lab  
  42  6:40  Barracks Reactor, Barracks  
  42  6:41  Widow Mine  
  42  6:50  Marine x2  
  45  6:55  Planetary Fortress  
  45  6:59  Missile Turret  
  44  7:04  Orbital Command  
  44  7:09  Widow Mine  
  46  7:16  Viking x2  
  46  7:21  Missile Turret  
  50  7:28  Marauder, Marine x2  
  50  7:29  Marine x4  
  58  7:33  SCV  
  59  7:43  SCV  
  60  7:45  SCV  
  60  7:46  Marine x2  
  63  7:56  Viking  
  65  8:09  Starport Reactor  
  65  8:19  SCV  
  66  8:30  Starport Tech Lab  
  66  8:31  SCV  
  67  8:43  SCV  
  68  8:55  SCV  
  68  9:01  Marine  
  68  9:02  Marine x2  
  72  9:05  Terran Infantry Armor Level 1  
  66  9:41  Viking x3  
  72  9:51  SCV  
  73  10:00  Refinery  
  73  10:03  SCV  
  74  10:11  Viking x2  
  78  10:18  Supply Depot  
  78  10:19  Supply Depot  
  78  10:39  SCV, Viking  
  78  10:51  SCV  
  79  11:00  Viking x2  
  79  11:03  SCV  
  84  11:09  Viking  
  76  11:30  Viking  
  73  11:51  Viking  
  73  11:53  Viking  
  77  12:00  Viking  
  70  12:21  Viking  
  72  12:28  Barracks Reactor  
  70  12:30  Marine  
  70  12:31  Marine x4  
  69  12:47  Barracks Reactor  
  69  12:48  Marine x2  
  69  12:49  Marine x3  
  74  12:51  Viking  
  78  13:15  Viking x2  
  80  13:21  Viking  
  82  13:36  Marine  
  82  13:37  Marine x6  
  82  13:38  Marine x2  
  91  13:43  Supply Depot  
  91  13:45  Viking  
  91  13:46  Supply Depot x2  
  93  13:48  Supply Depot  
  93  13:53  Viking  
  93  13:54  Marine x2  
  93  13:55  Marine x6  
  101  13:56  Marine  
  104  14:12  Marine x2  
  90  14:54  Marine, Marauder  
  90  14:55  Marine x7  
  100  15:12  Marine  
  101  15:16  Marauder  
  103  15:37  Marauder  
Show
View Real Time Build Order
Export as new Build Order

zod Protoss - Winner!

Build Orders:  

Get SALT Encoding   

  12  0:01  Probe (Chrono Boost)  
  13  0:12  Probe (Chrono Boost)  
  14  0:20  Pylon  
  14  0:25  Probe (Chrono Boost)  
  15  0:38  Probe (Chrono Boost)  
  16  0:43  Gateway  
  16  0:49  Probe (Chrono Boost)  
  17  0:59  Probe (Chrono Boost)  
  17  1:00  Assimilator  
  18  1:10  Probe (Chrono Boost)  
  19  1:19  Gateway  
  19  1:27  Probe (Chrono Boost)  
  20  1:34  Cybernetics Core  
  20  1:46  Nexus  
  20  1:53  Pylon  
  20  1:57  Probe (Chrono Boost)  
  21  2:11  Gateway  
  21  2:19  Mothership Core (Chrono Boost), Pylon  
  23  2:29  Adept  
  26  2:37  Probe (Chrono Boost)  
  26  2:40  Assimilator  
  26  2:50  Probe (Chrono Boost)  
  27  3:03  Adept  
  29  3:12  Probe x2 (Chrono Boost)  
  31  3:20  Adept x2  
  35  3:35  Warp Gate (Chrono Boost)  
  35  3:41  Robotics Facility  
  35  3:52  Gateway  
  35  3:54  Forge  
  35  3:55  Pylon  
  35  3:57  Probe, Pylon  
  35  3:59  Probe  
  37  4:02  Assimilator  
  37  4:08  Probe, Adept x2  
  42  4:11  Probe  
  43  4:18  Probe  
  43  4:23  Probe, Assimilator  
  45  4:30  Probe  
  46  4:31  Gateway, Protoss Ground Weapons Level 1 (Chrono Boost)  
  46  4:57  Adept x2  
  46  4:58  Adept  
  52  5:04  Warp Prism  
  54  5:19  Probe x2  
  56  5:31  Probe x2  
  58  5:36  Adept x2  
  58  5:37  Adept x3  
  58  5:40  Observer  
  69  5:43  Probe  
  69  5:47  Probe  
  67  5:55  Probe  
  64  5:59  Probe  
  64  6:01  Adept x3  
  69  6:22  Pylon  
  69  6:24  Pylon  
  69  6:25  Pylon  
  69  6:27  Pylon  
  69  6:54  Zealot  
  69  6:55  Zealot x4  
  77  7:16  Adept x5  
  77  7:53  Stalker x3  
  77  7:54  Stalker x2  
  77  8:04  Twilight Council  
  77  8:05  Stargate  
  77  8:07  Stargate  
  77  8:09  Stargate  
  75  8:21  Nexus  
  75  8:24  Assimilator  
  73  8:30  Assimilator  
  73  8:31  Stalker  
  73  8:32  Stalker x3, Pylon  
  73  8:33  Stalker  
  83  8:34  Pylon  
  83  8:39  Pylon  
  83  8:47  Photon Cannon  
  83  8:50  Photon Cannon  
  83  9:02  Probe x2  
  85  9:09  Protoss Air Weapons Level 1  
  85  9:11  Phoenix  
  85  9:12  Phoenix  
  85  9:14  Probe x2  
  91  9:20  Blink (Chrono Boost)  
  91  9:33  Probe x3  
  94  9:43  Probe  
  94  9:45  Probe x2  
  97  9:57  Probe x2  
  95  10:17  Zealot x5  
  98  10:28  Void Ray  
  98  10:29  Void Ray x2  
  98  10:33  Probe  
  111  10:58  Observer  
  112  11:11  Void Ray  
  112  11:12  Void Ray  
  112  11:13  Fleet Beacon  
  120  11:20  Observer  
  120  11:24  Pylon  
  121  11:26  Pylon  
  121  11:27  Pylon  
  121  11:29  Pylon  
  121  11:44  Zealot x2  
  121  11:45  Zealot x3  
  131  12:01  Tempest x3  
  143  12:20  Protoss Air Weapons Level 2  
  129  12:40  Protoss Ground Weapons Level 2  
  123  12:44  Tempest x2  
  109  13:27  Tempest  
  109  13:28  Tempest x2  
  109  13:33  Stalker x3  
  109  13:34  Stalker  
  129  13:42  Nexus  
  129  13:44  Assimilator  
  129  13:48  Assimilator  
  129  13:54  Pylon  
  129  13:56  Pylon  
  129  13:59  Pylon  
  129  14:01  Pylon  
  129  14:02  Pylon  
  129  14:07  Pylon  
  129  14:10  Tempest  
  129  14:12  Pylon  
  133  14:22  Protoss Air Armor Level 1  
  133  14:42  Tempest x2  
  141  14:53  Tempest  
  141  14:56  Stalker x3  
  147  15:08  Probe  
  147  15:09  Probe  
  147  15:10  Probe x2  
  151  15:19  Probe x2  
  153  15:22  Probe x2  
  153  15:25  Tempest x2  
  163  15:29  Probe  
  163  15:34  Probe  
  163  15:43  Stalker x4  
  163  15:44  Stalker  
  173  16:01  Tempest  
  177  16:10  Observer  
  186  16:31  Photon Cannon  
Show
View Real Time Build Order
Export as new Build Order

MasteroP Zerg - Winner!

Build Orders: Hatch First 

Get SALT Encoding   

  12  0:01  Drone  
  13  0:12  Overlord  
  13  0:18  Drone  
  14  0:32  Drone  
  14  0:33  Drone  
  16  0:40  Drone  
  17  0:45  Drone  
  18  1:01  Drone  
  19  1:06  Extractor  
  19  1:08  Drone  
  19  1:17  Hatchery, Overlord  
  18  1:27  Spawning Pool  
  18  1:29  Drone  
  18  1:38  Drone  
  19  1:50  Drone  
  20  2:03  Drone  
  21  2:24  Drone  
  21  2:25  Drone  
  21  2:28  Metabolic Boost  
  23  2:33  Roach Warren  
  22  2:37  Drone, Extractor  
  22  2:38  Hatchery, Drone  
  22  2:42  Drone  
  23  2:47  Queen  
  25  2:55  Zergling x4  
  27  3:06  Zergling x6  
  30  3:15  Roach  
  34  3:20  Roach  
  34  3:23  Overlord  
  34  3:34  Drone x2  
  36  3:42  Roach  
  36  3:45  Lair  
  38  3:51  Queen  
  40  3:56  Drone  
  40  4:02  Drone x2  
  43  4:16  Roach x3  
  38  4:52  Roach x6  
  45  4:53  Roach x2  
  45  5:12  Zergling x2  
  45  5:13  Zergling x6  
  38  5:54  Roach x2  
  38  5:55  Roach x4  
  50  6:00  Glial Reconstitution  
  49  6:14  Overlord x2  
  49  6:29  Drone  
  49  6:30  Overlord x3  
  49  6:56  Drone x2  
  49  6:57  Drone x6  
  57  7:03  Spine Crawler  
  57  7:04  Drone x4  
  59  7:19  Hydralisk Den  
  58  7:39  Spine Crawler  
  58  7:42  Spine Crawler  
  58  7:44  Spore Crawler  
  55  7:46  Spore Crawler, Zergling x10  
  59  7:56  Hydralisk  
  57  8:07  Hydralisk x2  
  57  8:09  Muscular Augments  
  43  8:21  Spine Crawler  
  43  8:25  Extractor  
  41  8:27  Extractor  
  40  8:34  Hydralisk x5  
  48  8:47  Hydralisk x2  
  48  9:29  Hydralisk x3  
  48  9:30  Hydralisk x3  
  60  9:42  Hydralisk x2  
  64  9:49  Spore Crawler  
  63  10:12  Drone x2  
  63  10:13  Drone x4  
  64  10:40  Hydralisk x4  
  72  10:48  Evolution Chamber  
  71  10:55  Hydralisk  
  73  11:13  Hydralisk x3  
  71  11:43  Hydralisk x4  
  71  11:44  Hydralisk  
  63  12:23  Hydralisk x4  
  67  12:35  Hydralisk  
  67  12:56  Hydralisk  
  67  12:57  Hydralisk  
  71  13:14  Zergling x4  
  73  13:27  Drone x2  
  75  13:54  Hydralisk x2  
  79  14:39  Hydralisk x2  
  83  14:50  Overlord x3  
  83  14:51  Overlord  
  83  15:26  Hydralisk x5  
  83  15:27  Hydralisk  
  91  15:46  Zergling x4  
  75  15:56  Zergling x4  
  63  16:15  Zergling x8  
Tags
 
Add a new tag
Caveats
  • Supply blocks, unpowered buildings, or Contaminate may cause inaccurate times.
  • Supply counts are checked every 10 seconds.